 Dungeon Crawl Stone Soup version 0.27-a0-366-g8badd94918 (webtiles) character file.

Game seed: 16698113121657859817

9138 jestyr24 the Blocker (level 11, -21/101 HPs)
             Began as a Minotaur Fighter on Feb 16, 2021.
             Was an Elder of Trog.
             Demolished by an orc warrior
             ... wielding a +0 war axe
              (27 damage)
             ... in a bailey.
             The game lasted 00:44:15 (10237 turns).

jestyr24 the Blocker (Minotaur Fighter)            Turns: 10237, Time: 00:44:16

Health: -21/101    AC: 18    Str: 23    XL:     11   Next: 19%
Magic:  10/10      EV:  9    Int:  5    God:    Trog [****..]
Gold:   597        SH: 13    Dex: 11    Spells: 10/10 levels left

rFire    + . .     SeeInvis +   F - +4 scimitar
rCold    . . .     Faith    .   c - +0 kite shield
rNeg     . . .     Spirit   .   A - +0 shadow dragon scales
rPois    .         Reflect  .   (helmet restricted)
rElec    .         Harm     .   q - +0 cloak
rCorr    .         Rampage  .   (no gloves)
Will     .....                  D - +1 pair of boots
Stlth    ++........             (no amulet)
HPRegen  0.26/turn              h - ring of protection from fire
MPRegen  0.12/turn              s - ring of see invisible

@: lethally poisoned (-21 -> -67)
A: retaliatory headbutt, horns 2
a: Renounce Religion, Berserk, Trog's Hand, Brothers in Arms


You were in a bailey.
You worshipped Trog.
Trog was greatly pleased with you.
You visited 1 branch of the dungeon, and saw 11 of its levels.
You also visited: Bailey.

You collected 597 gold pieces.

Inventory:

Hand Weapons
 b - a +2 hand axe of flaming
 y - a +0 war axe
 F - a +4 scimitar (weapon)
Missiles
 e - 9 atropa-tipped darts (quivered)
 E - 27 poisoned darts
Armour
 c - a +0 kite shield (worn)
 q - a +0 cloak (worn)
 t - a +0 scale mail of poison resistance
 A - +0 shadow dragon scales (worn)
 D - a +1 pair of boots (worn)
Jewellery
 a - a ring of flight {unknown}
 h - a ring of protection from fire (left hand)
 s - a ring of see invisible (right hand)
 u - a ring of magical power
 H - the ring "Hovvyshi" {rPois AC+4 Int+5}
   (You took it off an orc in a bailey)

   [ring of protection]

   It affects your AC (+4).
   It affects your intelligence (+5).
   It protects you from poison.
Wands
 n - a wand of iceblast (21)
 x - a wand of polymorph (11)
Scrolls
 f - a scroll of enchant armour
 g - 3 scrolls of amnesia
 i - 12 scrolls of identify
 l - 2 scrolls of immolation
 m - a scroll of noise
 p - a scroll of fear
 B - 2 scrolls of blinking
Potions
 d - a potion of might
 j - 7 potions of curing
 k - 2 potions of haste {unknown}
 o - 2 potions of flight {unknown}
 r - a potion of lignification {unknown}
 v - 2 potions of magic {unknown}
 w - 2 potions of degeneration {unknown}
 z - 4 potions of heal wounds {unknown}
 C - a potion of mutation {unknown}
 G - a potion of brilliance {unknown}
 I - 2 potions of experience {unknown}


   Skills:
 * Level 10.6 Fighting
 * Level 8.4 Long Blades
 - Level 3.5 Axes
 + Level 10.3 Armour
 + Level 4.8 Dodging
 + Level 12.0 Shields


You had 10 spell levels left.
You didn't know any spells.
Your spell library was empty.

Dungeon Overview and Level Annotations

Branches:
Dungeon (11/15)            Temple (0/1) D:7            Lair (0/6) D:10
 Bailey (1/1)
    Orc: D:9-12

Altars:
Elyvilon
Makhleb
Qazlal
Trog
Uskayaw
Wu Jian
Xom
Yredelemnul
Zin

Shops:
D:4 [   D:11 *


Innate Abilities, Weirdness & Mutations

You reflexively headbutt those who attack you in melee.
You have a pair of horns on your head.


Message History

You closely miss the orc warlord. You headbutt the orc warlord.
The orc warlord is lightly wounded.
The orc warlord barely misses you. You furiously retaliate!
You headbutt the orc warlord! You hit the orc warlord.
You headbutt the orc warlord, but do no damage.
The orc warlord is moderately wounded.
You block the orc warlord's attack.
You slash the orc warlord! Your headbutt misses the orc warlord.
The orc warlord is moderately wounded.
The orc warlord hits you with a +3 dire flail of venom!!
You hit the orc warlord.
The orc warlord is moderately wounded.
A goblin comes into view. It is wielding a +0 hand axe.
The orc warlord hits you with a +3 dire flail of venom!!
You are poisoned.
You hit the orc warlord.
You headbutt the orc warlord, but do no damage.
The orc warlord is moderately wounded.
You feel very sick.
The orc warlord hits you with a +3 dire flail of venom.
You hit the orc warlord.
The orc warlord is moderately wounded.
You feel sick.
The orc warrior hits you with a +0 war axe!
The orc warlord hits you with a +3 dire flail of venom.
You are more poisoned.
The orc warrior shouts!
You slash the orc warlord!
The orc warlord is heavily wounded.
You feel very sick. The orc warrior closely misses you.
The orc warlord hits you with a +3 dire flail of venom!!
* * * LOW HITPOINT WARNING * * *
You are more poisoned.
You fail to use your ability.
* * * LOW HITPOINT WARNING * * *
You feel very sick.
The orc warrior hits you with a +0 war axe!!
You die...

#...........#.......
#...........#.......
###.))......###...)).
###.#)#.....###
###....
###...))###.### ###.#
##!........### o ###
#?!........8# o.. #.
#!.........8#....o #.
#∩....⌠..@oo'g.... #.
#!........o8#..... #.
#!!........8##.... #.
##?........## .... ##
###.....### .. #
###.#'# # ###.. ... .
..


You could see an orc warlord, 2 orc warriors and a goblin.

Vanquished Creatures
  2 orc knights (Bailey)
  Maurice (D:11)
  A gargoyle (D:11)
  3 trolls
  A hornet (D:9)
  2 wraiths (D:9)
  Sigmund (D:3)
  Eustachio (D:4)
  14 yaks
  A water moccasin (D:11)
  A sky beast (D:5)
  9 orc warriors
  An ice beast (D:7)
  A necrophage (D:11)
  5 ogres
  2 centaurs
  3 bullfrogs
  3 elf zombies (D:9)
  Blork the orc (D:4)
  A scorpion (D:7)
  A water moccasin skeleton (D:8)
  7 wights
  8 howler monkeys
  A bullfrog zombie (D:10)
  A jelly (D:7)
  A bullfrog skeleton (D:7)
  3 human zombies (D:9)
  5 hounds
  3 orc priests
  2 centaur skeletons
  An iguana (D:11)
  6 worker ants
  5 orc wizards
  Terence (D:3)
  2 hound skeletons
  A mummy (D:9)
  2 worker ant zombies
  12 gnolls
  2 howler monkey skeletons (D:4)
  4 adders
  3 shadow imps
  2 white imps (D:9)
  2 ufetubi
  An ooze (D:7)
  An adder zombie (D:8)
  3 worms
  3 dart slugs
  7 leopard geckos
  42 orcs
  3 ball pythons
  6 giant cockroaches
  14 hobgoblins
  11 jackals
  4 quokkas
  6 bats
  3 frilled lizards
  25 goblins
  A jackal skeleton (D:8)
  6 kobolds
  A leopard gecko skeleton (D:7)
  10 rats
276 creatures vanquished.

Vanquished Creatures (others)
  14 plants
14 creatures vanquished.

Grand Total: 290 creatures vanquished

Notes
Turn   | Place    | Note
-------+----------+-------------------------------------------
     0 | D:1      | jestyr24 the Minotaur Fighter began the quest for the Orb.
     0 | D:1      | Reached XP level 1. HP: 19/19 MP: 0/0
    52 | D:1      | Reached XP level 2. HP: 24/27 MP: 1/1
   502 | D:1      | Reached skill level 4 in Shields
  1024 | D:2      | Reached XP level 3. HP: 27/33 MP: 2/2
  1294 | D:2      | Found a stormy altar of Qazlal.
  2227 | D:3      | Noticed Sigmund
  2230 | D:3      | Reached XP level 4. HP: 13/40 MP: 3/3
  2474 | D:3      | Killed Sigmund
  2475 | D:3      | Reached skill level 5 in Armour
  2475 | D:3      | Reached skill level 1 in Dodging
  2475 | D:3      | Reached skill level 5 in Shields
  2475 | D:3      | Reached XP level 5. HP: 20/47 MP: 4/4
  2829 | D:3      | Found a shimmering altar of Xom.
  2830 | D:3      | Noticed an angel
  2831 | D:3      | Found a glowing silver altar of Zin.
  2840 | D:3      | Noticed Terence
  2851 | D:3      | Killed Terence
  2852 | D:3      | Reached XP level 6. HP: 53/53 MP: 5/5
  3284 | D:4      | Noticed Eustachio
  3298 | D:4      | Killed Eustachio
  3299 | D:4      | Reached skill level 5 in Fighting
  3299 | D:4      | Reached skill level 1 in Axes
  3299 | D:4      | Reached skill level 6 in Shields
  3408 | D:4      | Noticed Blork the orc
  3420 | D:4      | Reached XP level 7. HP: 41/61 MP: 6/6
  3435 | D:4      | Killed Blork the orc
  3544 | D:4      | Reached skill level 7 in Shields
  3643 | D:4      | Found Ysmo's Antique Armour Boutique.
  4133 | D:5      | Entered Level 5 of the Dungeon
  4249 | D:5      | Reached XP level 8. HP: 70/70 MP: 7/7
  4353 | D:5      | Reached skill level 8 in Shields
  4830 | D:6      | Found a bloodstained altar of Trog.
  4938 | D:6      | Found an ornate altar of the Wu Jian Council.
  4938 | D:6      | Found a burning altar of Makhleb.
  4940 | D:6      | Found a white marble altar of Elyvilon.
  5256 | D:7      | Reached skill level 9 in Shields
  5261 | D:7      | Found a shimmering altar of Xom.
  5404 | D:6      | Found a hide-covered altar of Uskayaw.
  5424 | D:6      | Became a worshipper of Trog the Wrathful
  5495 | D:7      | Found a staircase to the Ecumenical Temple.
  5789 | D:8      | Reached XP level 9. HP: 70/79 MP: 8/8
  5976 | D:8      | Reached * piety under Trog
  6026 | D:8      | Noticed a troll
  6044 | D:8      | Reached skill level 10 in Shields
  6051 | D:8      | Killed a troll
  7041 | D:9      | Reached XP level 10. HP: 72/91 MP: 9/9
  7046 | D:9      | Reached skill level 11 in Shields
  7249 | D:9      | Found a basalt altar of Yredelemnul.
  7333 | D:9      | Reached ** piety under Trog
  7565 | D:9      | Reached skill level 10 in Fighting
  7573 | D:9      | Reached skill level 10 in Armour
  8043 | D:10     | Entered Level 10 of the Dungeon
  8307 | D:10     | Found a staircase to the Lair.
  8884 | D:11     | Noticed a gargoyle
  8900 | D:11     | Killed a gargoyle
  8901 | D:11     | Reached skill level 5 in Long Blades
  8992 | D:11     | Found Qahiupho's General Store.
  9266 | D:11     | Noticed Maurice
  9278 | D:11     | Killed Maurice
  9410 | D:11     | Found a flagged portal.
  9421 | Bailey   | Entered a bailey
  9615 | Bailey   | Reached *** piety under Trog
  9670 | Bailey   | Reached XP level 11. HP: 101/101 MP: 10/10
  9684 | Bailey   | Noticed an orc knight
  9692 | Bailey   | Noticed an orc knight
  9702 | Bailey   | Killed an orc knight
  9722 | Bailey   | Killed an orc knight
  9741 | Bailey   | Reached skill level 12 in Shields
 10068 | Bailey   | Noticed an orc warlord
 10096 | Bailey   | Reached **** piety under Trog
 10137 | Bailey   | Identified the ring "Hovvyshi" {rPois AC+4 Int+5}
 10237 | Bailey   | Demolished by an orc warrior

Illustrated notes

Levels and vault maps discovered:
D:1:      minmay_arrival_diagonal_passages, layout_loops_corners,
          hangedman_decor_push, due_unseen_surprise
D:2:      layout_basic, serial_forest, infiniplex_forest_zigzag_2,
          infiniplex_forest_zigzag_1, infiniplex_forest_3_way,
          infiniplex_forest_clump_C, infiniplex_forest_straight_2,
          nicolae_qazlal_general_emergency
D:3:      layout_loops_ring, grunt_temple_overflow_order_and_chaos_1,
          uniq_terence, uniq_sigmund
D:4:      layout_rooms, serial_shops, nicolae_shop_crystal,
          kennysheep_generic_room_3, uniq_eustachio, uniq_blork_the_orc
D:5:      layout_loops_ring, minivault_26
D:6:      corexii_shack_village, layout_basic, nicolae_overflow_hidden_temple,
          serial_shops, shop
D:7:      layout_basic, temple_hall, xom_teletrap_fun
D:8:      layout_basic
D:9:      layout_rooms, lemuel_mausoleum_altar_yredelemnul, hex_large
D:10:     layout_gridville, dpeg_oklobed_lair
D:11:     layout_grid_maze, serial_shops, shop, enter_bailey_5, uniq_maurice
Bailey:   bailey_axe_minmay_hex_keep, bailey

Skill      XL: |  1  2  3  4  5  6  7  8  9 10 11 |
---------------+----------------------------------+-----
Shields        | 4 5 6 7 9 10 11 12 | 12.0
Armour         | 4 5 6 7 9 10 | 10.3
Fighting       | 4 5 7 9 10 | 10.6
Dodging        | 1 2 3 4 |  4.8
Axes           | 2 3 |  3.5
Long Blades    | 7 8 |  8.4

Action                   |  1- 3 |  4- 6 |  7- 9 | 10-12 || total
-------------------------+-------+-------+-------+-------++-------
Melee: Long sword        |    40 |       |       |       ||    40
       Headbutt          |    19 |    12 |    66 |    89 ||   186
       Mace              |    47 |    30 |       |       ||    77
       Hand axe          |       |    38 |   352 |    95 ||   485
       Scimitar          |       |       |       |   286 ||   286
Invok: Berserk           |       |       |       |     1 ||     1
       Trog's Hand       |       |       |       |     1 ||     1
  Use: Scroll            |       |       |    10 |     1 ||    11
       Potion            |       |       |     1 |       ||     1
 Stab: Sleeping          |       |       |     5 |     6 ||    11
       Distracted        |       |       |       |     1 ||     1
Armor: Scale mail        |    34 |    37 |    15 |       ||    86
       Shadow dragon sca |       |       |   144 |   110 ||   254
Dodge: Dodged            |    23 |    34 |    92 |    93 ||   242
Block: Kite shield       |    45 |    57 |   199 |   188 ||   489
       Rpst.: Long sword |     2 |       |       |       ||     2
       Scimitar          |       |       |       |    17 ||    17

Table legend: (Time is in decaauts)
 A = Elapsed time spent in this place.
 B = Non-inter-level travel time spent in this place.
 C = Inter-level travel time spent in this place.
 D = Time resting spent in this place.
 E = Time spent auto-exploring this place.
 F = Levels seen in this place.
 G = Mean time per level.
                   A        B        C        D        E       F      G
               +--------+--------+--------+--------+--------+-----+--------+
         Total |  10500 |   9868 |    632 |   1760 |   4207 |  12 |  875.0 |
       Dungeon |   9668 |   9036 |    632 |   1297 |   4207 |  11 |  878.9 |
        Bailey |    832 |    832 |      0 |    463 |      0 |   1 |  832.0 |
               +--------+--------+--------+--------+--------+-----+--------+

Top non-repeatable levels by time:
     D:2: 1493 daAuts
     D:8: 1197 daAuts
     D:9: 1178 daAuts
     D:1: 972 daAuts
     D:3: 898 daAuts
     D:4: 874 daAuts
    D:10: 844 daAuts
  Bailey: 832 daAuts
     D:7: 787 daAuts
     D:5: 711 daAuts
    D:11: 553 daAuts
     D:6: 157 daAuts
